AoeStats
← JohnnyBoii6393

Lombardia

508100791Analyzed
2v2 RM · 13d ago on Sep 20, 2026· 68m 38s· 4 players
Game mode
Random Map
Map size
Medium (4 player)
Population
200
Speed
Normal
Resources
Standard
Victory
Conquest
Starting age
Dark Age
Ending age
Imperial Age
RankedLock teamsTeams togetherTeam positionsShared explorationLock speedFull tech treeHidden civsTurbo modeCheats
Victory
Defeat
🇺🇸 Vietnamese · United States
1335
+14
🇺🇸 Saracens · United States
1240
+18
🇺🇸 Ethiopians · United States
1285
-16
🇺🇸 Lithuanians · United States
1285
-16
Ejung15
5:08 Loom
9:02 Feudal Age
9:51 Double-Bit Axe
16:12 Scale Barding Armor
16:25 Bloodlines
16:27 Forging
20:20 Wheelbarrow
23:53 Castle Age
24:11 Pikeman
27:38 Bow Saw
27:43 Gold Mining
27:27 Light Cavalry
28:09 Husbandry
37:17 Imperial Age
38:00 Hand Cart
40:23 Cavalier
43:56 Fletching
44:06 Padded Archer Armor
44:38 Elite Skirmisher
48:00 Conscription
47:20 Winged Hussar
49:15 Leather Archer Armor
48:55 Bodkin Arrow
55:43 Chain Barding Armor
55:58 Iron Casting
58:02 Halberdier
PaschalStorm725
7:07 Loom
10:49 Feudal Age
11:55 Double-Bit Axe
14:42 Fletching
22:05 Castle Age
20:54 Padded Archer Armor
20:55 Horse Collar
22:06 Crossbowman
22:58 Bow Saw
22:44 Bodkin Arrow
26:40 Wheelbarrow
27:14 Ballistics
27:15 Town Watch
28:23 Leather Archer Armor
28:07 Gold Mining
28:07 Stone Mining
29:16 Hand Cart
32:18 Town Patrol
35:23 Imperial Age
33:50 Thumb Ring
36:09 Bracer
37:12 Chemistry
39:35 Siege Engineers
41:40 Ring Archer Armor
41:58 Arbalester
46:12 Light Cavalry
46:54 Scale Mail Armor
47:05 Forging
48:24 Chain Mail Armor
48:17 Scale Barding Armor
48:32 Heavy Plow
49:20 Hussar
50:38 Conscription
53:27 Iron Casting
53:13 Chain Barding Armor
55:58 Blast Furnace
58:33 Two-Man Saw
57:30 Stone Mining
58:16 Gold Shaft Mining
61:52 Stone Shaft Mining
Femboy Hooters
6:57 Loom
12:21 Feudal Age
16:13 Castle Age
14:26 Double-Bit Axe
15:59 Horse Collar
22:04 Gold Mining
24:02 Scale Barding Armor
25:39 Chain Barding Armor
26:51 Bimaristan
28:43 Wheelbarrow
29:35 Husbandry
30:06 Fletching
30:28 Forging
31:24 Heavy Plow
31:55 Stone Mining
36:49 Imperial Age
36:58 Iron Casting
36:19 Bodkin Arrow
36:46 Bow Saw
36:57 Bloodlines
37:43 Hand Cart
37:14 Town Watch
38:05 Conscription
37:53 Elite Mameluke
42:20 Padded Archer Armor
42:21 Bracer
42:13 Elite Skirmisher
43:10 Thumb Ring
43:34 Leather Archer Armor
43:42 Ballistics
44:23 Chemistry
43:35 Imperial Skirmisher
45:29 Ring Archer Armor
45:37 Plate Barding Armor
46:02 Blast Furnace
46:28 Two-Man Saw
48:46 Hoardings
50:40 Siege Engineers
62:07 Town Patrol
JohnnyBoii6393
6:48 Loom
9:19 Feudal Age
11:07 Double-Bit Axe
13:13 Wheelbarrow
18:53 Padded Archer Armor
18:54 Scale Mail Armor
23:35 Castle Age
22:48 Fletching
24:14 Crossbowman
24:52 Bodkin Arrow
24:40 Elite Skirmisher
26:56 Gold Mining
27:20 Bow Saw
26:54 Horse Collar
27:52 Town Watch
28:15 Stone Mining
34:46 Ballistics
37:34 Imperial Age
37:20 Leather Archer Armor
38:20 Imperial Skirmisher
39:52 Paper Money
40:27 Ring Archer Armor
39:57 Bracer
42:08 Elite Rattan Archer
47:00 Caravan
48:49 Light Cavalry
52:16 Hand Cart
52:33 Bloodlines
53:32 Elite Battle Elephant
54:46 Husbandry
56:49 Chatras
59:54 Murder Holes
65:02 Two-Man Saw
Connection lost

Rejoining the realm…

Still unreachable

The connection could not be restored.

Session expired

The server has moved on; the page needs a fresh start.